[Event "Titled Tuesday Blitz November 14 Late 2023"]
[White "Rohan, Ahuja"]
[Black "Pesotskiy, Mikhail"]
[WhiteFideId "5090598"]
[BlackFideId "34164453"]
[WhiteElo "2699"]
[BlackElo "2510"]
[Result "1-0"]
[Round "5"]
[TimeControl "180+1"]
[Date "2023.11.14"]
[WhiteClock "0:00:07"]
[BlackClock "0:00:00"]
[Board "67"]

1. Nf3 Nf6 2. g3 b6 3. Bg2 Bb7 4. c4 e6 5. O-O Be7 6. d4 O-O 7. h4 d6 8. Qc2 Be4 9. Qb3 Nbd7 10. Nc3 Bb7 11. Qc2 c5 12. d5 exd5 13. Ng5 h6 14. Nh3 Qc8 15. cxd5 Ne5 16. Nf4 a6 17. a4 Qd7 18. Qb3 b5 19. Bh3 Qc7 20. axb5 axb5 21. Nxb5 Qb6 22. Rxa8 Rxa8 23. Be3 Rb8 24. Qa4 Ra8 25. Qb3 Rb8 26. Qa4 Nxd5 27. Nxd5 Bxd5 28. Nc3 Bc6 29. Qd1 Nc4 30. Bf4 Nxb2 31. Qc2 Qb3 32. Qd2 Nc4 33. Qc1 Bf6 34. Nd1 Rd8 35. Ne3 d5 36. Nf5 d4 37. Rd1 Ne5 38. Bxe5 Bxe5 39. Rd3 Qd5 40. f3 c4 41. Rd1 d3 42. e4 Qc5+ 43. Kh2 c3 44. Bf1 d2 45. Qc2 Qf2+ 46. Bg2 Qe2 47. f4 Bb8 48. Ne7+ Kf8 49. Nxc6 Qxd1 50. Qxd1 c2 51. Qxc2 d1=Q 52. Qc5+ Qd6 53. Qb5 Rc8 54. Ne5 Bc7 55. Nd7+ Kg8 56. Ne5 Rb8 57. Qc4 Qe7 58. Nc6 Qd6 59. Nxb8 Bxb8 60. e5 Qd8 61. Bd5 Qf8 62. Qc6 Kh8 63. Qb7 f6 64. e6 Bd6 65. Qd7 Qe7 66. Qc8+ Qf8 67. Qc6 Qe7 68. Kh3 f5 69. h5 Kh7 70. Qc8 g6 71. hxg6+ Kxg6 72. Qg8+ Qg7 73. Qe8+ Kf6 74. Qd8+ Qe7 75. Qh8+ Qg7 76. Qd8+ Qe7 77. Qc8 Qc7 78. Qa8 Qe7 79. Kg2 Kg6 80. Qa1 Qf6 81. Qd1 Qb2+ 82. Kh3 Qf6 83. Qd3 Qe7 84. Bb3 Qf6 85. Qxd6 1-0


[Site "https://www.chess.com"]

[Event "Titled Tuesday Blitz November 14 Late 2023"]
[White "Wu, Derek"]
[Black "Kochiev, Ivan"]
[WhiteFideId "30914558"]
[BlackFideId "2917890"]
[WhiteElo "2670"]
[BlackElo "2506"]
[Result "1-0"]
[Round "5"]
[TimeControl "180+1"]
[Date "2023.11.14"]
[WhiteClock "0:01:27"]
[BlackClock "0:00:08"]
[Board "68"]

1. d4 Nf6 2. Nc3 d5 3. Bf4 a6 4. e3 Bf5 5. Bd3 Bg6 6. h4 e6 7. h5 Bxd3 8. cxd3 h6 9. Nf3 c5 10. dxc5 Bxc5 11. d4 Bd6 12. Ne5 Nc6 13. Qf3 Qc7 14. Qg3 Rg8 15. Rc1 Nd7 16. Nd3 Bxf4 17. Nxf4 Nf6 18. O-O O-O-O 19. b4 Ne4 20. Nxe4 dxe4 21. Rc5 Qb6 22. a3 Kb8 23. Nd5+ 1-0


[Site "https://www.chess.com"]

[Event "Titled Tuesday Blitz November 14 Late 2023"]
[White "Erzhanov, Arman"]
[Black "Ahmad, Khagan"]
[WhiteFideId "4138821"]
[BlackFideId "13431552"]
[WhiteElo "2504"]
[BlackElo "2631"]
[Result "0-1"]
[Round "5"]
[TimeControl "180+1"]
[Date "2023.11.14"]
[WhiteClock "0:00:00"]
[BlackClock "0:00:02"]
[Board "69"]

1. e4 e5 2. Nf3 Nc6 3. Be2 Nf6 4. d3 d5 5. Nbd2 Bc5 6. O-O O-O 7. c3 Bg4 8. b4 Bb6 9. a3 a5 10. b5 Ne7 11. Nxe5 Bxe2 12. Qxe2 Re8 13. d4 dxe4 14. Nxe4 Nxe4 15. Qxe4 Ng6 16. Qxb7 Nxe5 17. dxe5 Rxe5 18. Bf4 Qd5 19. Qxd5 Rxd5 20. Rfd1 Rxb5 21. Rd7 Rf5 22. Rad1 h5 23. Bxc7 Bxf2+ 24. Kh1 Re8 25. Rd8 Rxd8 26. Rxd8+ Kh7 27. g3 Bc5 28. a4 Rf1+ 29. Kg2 Rf2+ 30. Kh1 g5 31. Rd5 Be3 32. Rd1 Ra2 33. Bxa5 Rxa4 34. Bb4 f6 35. Re1 Ba7 36. Rf1 Kg6 37. Be7 f5 38. Rc1 g4 39. c4 Be3 40. Re1 f4 41. gxf4 Bxf4 42. Rf1 Rxc4 43. Rf2 Kf5 44. Bd6 Kg5 45. Bxf4+ Rxf4 46. Rd2 Kh4 47. Kg2 Ra4 48. Rb2 Ra3 49. Rd2 Rf3 50. Rc2 Kg5 51. Rc5+ Rf5 52. Rc8 Ra5 53. Rc2 h4 54. Rb2 h3+ 55. Kf2 Kh4 56. Rc2 Ra1 57. Re2 Rh1 0-1


[Site "https://www.chess.com"]

[Event "Titled Tuesday Blitz November 14 Late 2023"]
[White "Thomforde-Toates, Noah"]
[Black "Hajiyev, Kanan"]
[WhiteFideId "30951992"]
[BlackFideId "13404148"]
[WhiteElo "2623"]
[BlackElo "2497"]
[Result "1-0"]
[Round "5"]
[TimeControl "180+1"]
[Date "2023.11.14"]
[WhiteClock "0:01:39"]
[BlackClock "0:00:22"]
[Board "70"]

1. d4 d5 2. Nc3 c5 3. e4 cxd4 4. Qxd4 dxe4 5. Qxd8+ Kxd8 6. Nxe4 Bf5 7. Bd3 Bxe4 8. Bxe4 Nc6 9. Bf4 Nf6 10. O-O-O+ Ke8 11. Bf3 e6 12. Ne2 Bc5 13. Nc3 Rd8 14. Nb5 Ke7 15. Bc7 Rxd1+ 16. Rxd1 a6 17. Bd6+ Bxd6 18. Nxd6 Ne5 19. Bxb7 Nd5 20. Bxd5 Kxd6 21. Bc4+ Kc7 22. Bxa6 Ra8 23. Be2 Rxa2 24. Kb1 Ra5 25. Rd4 g6 26. f4 Nc6 27. Rc4 Kd6 28. Bf3 Ne7 29. b4 Ra4 30. Kb2 Nd5 31. Bxd5 Kxd5 32. Kb3 Ra1 33. Rc7 f5 34. Rxh7 Rf1 35. g3 Rb1+ 36. Kc3 Ke4 37. Re7 Kd5 38. Rg7 Rh1 39. h4 1-0


[Site "https://www.chess.com"]

[Event "Titled Tuesday Blitz November 14 Late 2023"]
[White "Shohat, Yotam"]
[Black "ArtemDyachuk"]
[WhiteFideId "2813955"]
[WhiteElo "2497"]
[BlackElo "2620"]
[Result "0-1"]
[Round "5"]
[TimeControl "180+1"]
[Date "2023.11.14"]
[WhiteClock "0:00:00"]
[BlackClock "0:00:12"]
[Board "71"]

1. e4 c5 2. Nf3 d6 3. d4 cxd4 4. Nxd4 Nf6 5. Nc3 Nc6 6. Bc4 e6 7. Bb3 a6 8. Be3 Be7 9. Qe2 Qc7 10. O-O-O O-O 11. Rhg1 Nd7 12. g4 Nxd4 13. Bxd4 Nc5 14. g5 Bd7 15. Qh5 Rfe8 16. Rg3 Qa5 17. Rh3 Nxb3+ 18. axb3 Qxg5+ 19. Kb1 Qxh5 20. Rxh5 e5 21. Bxe5 Bg4 22. Rg1 Bxh5 23. Bxg7 Bg6 24. Bd4 Bf8 25. f4 Bg7 26. Bxg7 Kxg7 27. f5 Re5 28. Kc1 Rae8 29. Kd2 f6 30. Kd3 Kf7 31. fxg6+ hxg6 32. Rf1 Rh8 33. Rf2 Rh3+ 34. Kd4 Rh4 35. Kd3 Ke6 36. Rg2 g5 37. Rf2 Rf4 38. Rg2 b5 39. b4 a5 40. bxa5 b4 41. Nd5 Rfxe4 42. c4 bxc3 43. Nxc3 Re1 44. b4 Ra1 45. Rb2 Kd7 46. Kc4 Kc8 47. Kb3 Re3 48. Rc2 Kb7 49. Kb2 Rae1 50. b5 f5 51. Kb3 f4 52. Kb4 f3 53. a6+ Ka7 54. Nd5 Re4+ 55. Kb3 Rb1+ 56. Ka2 Rxb5 57. Nc3 Ra5+ 58. Kb3 Re3 59. Kb4 Rc5 60. Nb5+ Kb6 61. a7 Rxb5+ 0-1


[Site "https://www.chess.com"]

[Event "Titled Tuesday Blitz November 14 Late 2023"]
[White "Vlassov, Nikolai"]
[Black "Kuegel, Tobias"]
[WhiteFideId "4103360"]
[BlackFideId "4636295"]
[WhiteElo "2617"]
[BlackElo "2475"]
[Result "1-0"]
[Round "5"]
[TimeControl "180+1"]
[Date "2023.11.14"]
[WhiteClock "0:00:04"]
[BlackClock "0:00:00"]
[Board "72"]

1. e4 e5 2. Bc4 Nf6 3. d3 Nc6 4. Nf3 Bc5 5. Bg5 h6 6. Bh4 Be7 7. Nbd2 d6 8. h3 Na5 9. Qe2 Nxc4 10. Nxc4 Be6 11. Ne3 Nh5 12. Bg3 Nxg3 13. fxg3 Qd7 14. O-O-O Bxa2 15. b3 a5 16. Kb2 a4 17. Ra1 axb3 18. cxb3 O-O 19. Rxa2 Rxa2+ 20. Kxa2 Qb5 21. Kb2 c6 22. Ra1 d5 23. Qc2 Bc5 24. Nf5 Bb4 25. exd5 cxd5 26. Ne3 d4 27. Nd1 Qd7 28. Qc4 Bd6 29. Nd2 Rc8 30. Qa4 Qf5 31. Ne4 Bf8 32. Rc1 Rxc1 33. Kxc1 Qf1 34. Qc4 Qxg2 35. h4 Qe2 36. Qc2 Ba3+ 37. Kb1 Qe1 38. Qc8+ Kh7 39. Qc2 Bb4 40. Nf2 Qe2 41. Qxe2 1-0


[Site "https://www.chess.com"]

[Event "Titled Tuesday Blitz November 14 Late 2023"]
[White "Sakun, Volodymyr"]
[Black "Kustar, Sandor"]
[WhiteFideId "14114062"]
[BlackFideId "702900"]
[WhiteElo "2608"]
[BlackElo "2463"]
[Result "1-0"]
[Round "5"]
[TimeControl "180+1"]
[Date "2023.11.14"]
[WhiteClock "0:00:16"]
[BlackClock "0:00:01"]
[Board "73"]

1. e4 c5 2. Nf3 e6 3. c3 d5 4. e5 Nc6 5. d4 Bd7 6. Bd3 Qb6 7. O-O cxd4 8. a3 a6 9. b4 Rc8 10. cxd4 Nxd4 11. Be3 Nxf3+ 12. Qxf3 d4 13. Bf4 Ne7 14. h4 Ng6 15. Bg3 Bc6 16. Qg4 h5 17. Qe2 Be7 18. Nd2 Nxh4 19. Bxh4 Bxh4 20. Nc4 Qd8 21. Nd6+ Kf8 22. Nxc8 Qxc8 23. Rac1 Qd7 24. Be4 Bb5 25. Bd3 Bc6 26. Rc5 Be7 27. Rcc1 h4 28. Kh2 Qd5 29. f4 h3 30. Rf3 hxg2+ 31. Kxg2 Rh4 32. Kg3 Qxf3+ 33. Qxf3 Bxf3 34. Kxf3 g5 35. fxg5 Bxg5 36. Rc7 Bf4 37. Rxb7 Bxe5 38. Bxa6 Rh3+ 39. Ke2 Rxa3 40. Bd3 Rb3 41. b5 Kg7 42. Bc4 Kf6 43. Bxb3 1-0


[Site "https://www.chess.com"]

[Event "Titled Tuesday Blitz November 14 Late 2023"]
[White "Grossboss19"]
[Black "Fiorito, Francisco"]
[BlackFideId "180165"]
[WhiteElo "2456"]
[BlackElo "2599"]
[Result "1/2-1/2"]
[Round "5"]
[TimeControl "180+1"]
[Date "2023.11.14"]
[WhiteClock "0:00:06"]
[BlackClock "0:00:05"]
[Board "74"]

1. c4 Nf6 2. Nc3 d5 3. cxd5 Nxd5 4. Nf3 Nxc3 5. bxc3 e6 6. Ba3 Bxa3 7. Qa4+ Nd7 8. Qxa3 c5 9. g3 O-O 10. Bg2 Qc7 11. O-O b6 12. Ne1 Bb7 13. c4 Bxg2 14. Nxg2 Ne5 15. d3 Rad8 16. Qc3 Nc6 17. Ne3 h5 18. h4 Rfe8 19. Rfe1 g6 20. a4 Qe7 21. Nc2 g5 22. hxg5 Qxg5 23. Kg2 Nd4 24. Nxd4 Rxd4 25. Qc1 Qg6 26. Rh1 Rg4 27. Qe3 f6 28. Rag1 Kf7 29. Kf1 Re7 30. f3 Rg5 31. Qe4 Qxe4 32. fxe4 Kg6 33. Rh4 f5 34. exf5+ exf5 35. Kf2 Rg4 36. Rxg4+ hxg4 37. Rh1 Re8 38. a5 Rb8 39. Ra1 Kf6 40. axb6 axb6 41. Ra7 Ke5 42. Ke3 Rh8 43. Re7+ Kf6 44. Rb7 Rh3 45. Kf4 Rh2 46. Rxb6+ Ke7 47. e3 Rf2+ 48. Ke5 Rf3 49. Rb7+ Kd8 50. d4 Rxe3+ 51. Kd5 cxd4 52. Kxd4 Rxg3 53. Ke5 Rf3 54. c5 g3 55. Rg7 f4 56. c6 Rf2 57. Kd6 Rd2+ 58. Ke5 Rf2 59. Kd6 Rd2+ 60. Ke5 g2 61. Kxf4 Kc8 62. Kf3 Rc2 63. Rxg2 Rc3+ 64. Ke4 Rxc6 65. Kd5 Kb7 66. Rb2+ Rb6 67. Rxb6+ Kxb6 1/2-1/2


[Site "https://www.chess.com"]

[Event "Titled Tuesday Blitz November 14 Late 2023"]
[White "Nikologorsky, Matfei"]
[Black "Sanchez Alvares, Kelvin Antonio"]
[WhiteFideId "24102474"]
[BlackFideId "3906680"]
[WhiteElo "2435"]
[BlackElo "2580"]
[Result "1-0"]
[Round "5"]
[TimeControl "180+1"]
[Date "2023.11.14"]
[WhiteClock "0:00:20"]
[BlackClock "0:00:12"]
[Board "75"]

1. e4 e5 2. Nf3 Nc6 3. Bb5 a6 4. Ba4 b5 5. Bb3 Nf6 6. O-O Be7 7. d3 O-O 8. c3 d5 9. exd5 Nxd5 10. h3 Bf6 11. a4 Rb8 12. Re1 Be6 13. axb5 axb5 14. Ra6 Qd7 15. Nbd2 Ra8 16. Rxa8 Rxa8 17. Ne4 Be7 18. Neg5 Bf6 19. Nxe6 fxe6 20. Qe2 Rf8 21. Ng5 Bxg5 22. Bxg5 h6 23. Bc1 Kh7 24. Qe4+ Kh8 25. Qg4 Rf6 26. Re4 Kh7 27. Qe2 b4 28. Bd2 bxc3 29. bxc3 Rg6 30. Ba4 Nb6 31. Bxc6 Qxc6 32. g3 Nd7 33. Rc4 Qd6 34. Qe4 c6 35. Rxc6 Qe7 36. h4 Nf6 37. Qxe5 Qf7 38. Rc7 Qf8 39. h5 Rg5 40. Bxg5 hxg5 41. Qxg5 Nd5 42. Qg6+ Kh8 43. Rd7 Ne7 44. Qe4 Nf5 45. Ra7 Qf6 46. Ra8+ Kh7 47. g4 Qg5 48. Ra5 Qc1+ 49. Kg2 Qg5 50. Rxf5 exf5 51. Qxf5+ Qxf5 52. gxf5 Kh6 53. Kf3 1-0


[Site "https://www.chess.com"]

[Event "Titled Tuesday Blitz November 14 Late 2023"]
[White "Manukyan, Sargis A."]
[Black "Polaczek, Richard"]
[WhiteFideId "13303970"]
[BlackFideId "200026"]
[WhiteElo "2579"]
[BlackElo "2434"]
[Result "0-1"]
[Round "5"]
[TimeControl "180+1"]
[Date "2023.11.14"]
[WhiteClock "0:00:00"]
[BlackClock "0:00:23"]
[Board "76"]

1. d4 Nf6 2. c4 e6 3. Nc3 Bb4 4. e3 O-O 5. a3 Bxc3+ 6. bxc3 d5 7. cxd5 exd5 8. Bd3 c5 9. Ne2 b6 10. O-O Ba6 11. f3 Re8 12. Ra2 Bxd3 13. Qxd3 Nbd7 14. g4 Nf8 15. Ng3 Ne6 16. Rg2 cxd4 17. cxd4 Rc8 18. h4 Qc7 19. g5 Nd7 20. f4 Qc3 21. Qd1 Nef8 22. Qg4 Rc6 23. h5 Qd3 24. Kh2 Rc2 25. Rff2 Rxf2 26. Rxf2 Rc8 27. Bd2 Rc2 28. Nf1 Qe4 29. Ng3 Qd3 30. Nf1 Qe4 31. Qd1 Ra2 32. Qb3 Ra1 33. Ng3 Qe6 34. f5 Qd6 35. Bb4 Qc6 36. g6 hxg6 37. fxg6 fxg6 38. e4 Qc1 39. Qxd5+ Kh8 40. Rf1 Qb2+ 41. Kg1 Rxf1+ 42. Nxf1 Qe2 43. Bxf8 Nxf8 44. hxg6 Qg4+ 45. Kf2 Nxg6 46. Qf5 Qh4+ 47. Ng3 Qh2+ 48. Kf1 Qxg3 49. d5 Nf4 50. Qc8+ Kh7 51. Qf5+ g6 52. Qf7+ Kh6 53. Qf8+ Kg5 54. Qe7+ Kg4 55. Qd7+ Kf3 56. Qh3 Qxh3+ 57. Ke1 Qg2 58. Kd1 Qb2 0-1


[Site "https://www.chess.com"]

[Event "Titled Tuesday Blitz November 14 Late 2023"]
[White "Janaszak, Dawid"]
[Black "Villarreal, Agustin"]
[WhiteFideId "1119206"]
[BlackFideId "125687"]
[WhiteElo "2576"]
[BlackElo "2431"]
[Result "1-0"]
[Round "5"]
[TimeControl "180+1"]
[Date "2023.11.14"]
[WhiteClock "0:01:35"]
[BlackClock "0:00:45"]
[Board "77"]

1. e4 e5 2. Nf3 Nc6 3. Bc4 Nf6 4. d4 exd4 5. Ng5 Ne5 6. Bb3 h6 7. f4 hxg5 8. fxe5 Nxe4 9. Bd5 Nc5 10. O-O Ne6 11. Qf3 Qe7 12. Na3 c6 13. Nc4 g4 14. Nd6+ Kd8 15. Qxg4 f6 16. Bb3 Nc5 17. Nf7+ Kc7 18. Nxh8 fxe5 19. Ng6 Qd6 20. Nxf8 d3 21. cxd3 Nxd3 22. Be3 Qe7 23. Rf7 Qe8 1-0


[Site "https://www.chess.com"]

[Event "Titled Tuesday Blitz November 14 Late 2023"]
[White "Prithu Gupta"]
[Black "Mazurkiewicz, Michal"]
[WhiteFideId "46618546"]
[BlackFideId "1124943"]
[WhiteElo "2575"]
[BlackElo "2431"]
[Result "1-0"]
[Round "5"]
[TimeControl "180+1"]
[Date "2023.11.14"]
[WhiteClock "0:02:07"]
[BlackClock "0:00:06"]
[Board "78"]

1. d4 Nf6 2. c4 e5 3. dxe5 Ng4 4. Nf3 Bc5 5. e3 Nc6 6. Nc3 O-O 7. Be2 a5 8. O-O Re8 9. b3 Ncxe5 10. Nxe5 Nxe5 11. Bb2 Ra6 12. Ne4 Bf8 13. Ng3 Rg6 14. Bh5 Rh6 15. f4 Nc6 16. Bxf7+ Kxf7 17. Qd5+ Ree6 18. f5 Qh4 19. fxe6+ Ke8 20. exd7+ Bxd7 21. Qf7+ Kd8 22. Qxf8+ Be8 23. Rad1+ 1-0


[Site "https://www.chess.com"]

[Event "Titled Tuesday Blitz November 14 Late 2023"]
[White "Potapova, Margarita"]
[Black "Yang, Kevin"]
[WhiteFideId "14126869"]
[BlackFideId "30908485"]
[WhiteElo "2574"]
[BlackElo "2431"]
[Result "1-0"]
[Round "5"]
[TimeControl "180+1"]
[Date "2023.11.14"]
[WhiteClock "0:00:55"]
[BlackClock "0:00:01"]
[Board "79"]

1. e4 c6 2. d4 d5 3. Nc3 dxe4 4. Nxe4 Nd7 5. Nf3 Ngf6 6. Ng3 g6 7. Bd3 Bg7 8. O-O O-O 9. Re1 c5 10. c3 b6 11. Qe2 e6 12. Bf4 Bb7 13. Ne4 Nxe4 14. Bxe4 Bxe4 15. Qxe4 Nf6 16. Qe2 Qe7 17. dxc5 Qxc5 18. Rad1 Rfd8 19. h3 h6 20. Be3 Qc7 21. Nd4 Nd5 22. Qf3 Nxe3 23. Qxe3 Qc4 24. Nf3 Qxa2 25. b4 Qb3 26. Rc1 Rd6 27. Qf4 Rad8 28. h4 Bxc3 29. Qxh6 Bg7 30. Qf4 Rd5 31. Rc7 Rf5 32. Qe4 a5 33. bxa5 bxa5 34. Rb7 Qd5 35. Qb1 Rxf3 36. gxf3 Qxf3 37. Qe4 Qh3 38. Qf4 f5 39. Rc1 Rd3 40. Rc8+ Kh7 41. Rxg7+ Kxg7 42. Qe5+ Kf7 43. Rc7+ Kf8 44. Qh8# 1-0


[Site "https://www.chess.com"]

[Event "Titled Tuesday Blitz November 14 Late 2023"]
[White "Santos Flores, Alberto"]
[Black "ATM622"]
[WhiteFideId "3601234"]
[WhiteElo "2573"]
[BlackElo "2429"]
[Result "0-1"]
[Round "5"]
[TimeControl "180+1"]
[Date "2023.11.14"]
[WhiteClock "0:00:51"]
[BlackClock "0:00:47"]
[Board "80"]

1. e4 c6 2. c4 d5 3. exd5 cxd5 4. cxd5 Nf6 5. Qa4+ Bd7 6. Qb3 Qc7 7. Nc3 g6 8. Bc4 Qe5+ 9. Nge2 b6 10. d4 Qc7 11. Bf4 Qb7 12. O-O Bg7 13. d6 e6 14. d5 exd5 15. Nxd5 O-O 16. Nc7 Bc6 17. f3 b5 18. Bd3 Na6 19. Nxa8 Rxa8 20. Rac1 Nd5 21. Be4 Nxf4 22. Nxf4 Nc5 23. Bxc6 Qxc6 24. Qc2 Qxd6 25. Rfd1 Bd4+ 26. Kh1 Qxf4 27. Rxd4 Qxd4 28. Qxc5 Qxb2 29. Rd1 b4 30. h3 Qxa2 31. Qxb4 a5 32. Qb7 Rf8 33. Rd6 Qa1+ 34. Kh2 Qe5+ 35. Kg1 Qxd6 0-1


[Site "https://www.chess.com"]

[Event "Titled Tuesday Blitz November 14 Late 2023"]
[White "Tikhonov, Viacheslav"]
[Black "Stanojevic, Ilija"]
[WhiteFideId "44196407"]
[BlackFideId "959995"]
[WhiteElo "2571"]
[BlackElo "2425"]
[Result "0-1"]
[Round "5"]
[TimeControl "180+1"]
[Date "2023.11.14"]
[WhiteClock "0:00:01"]
[BlackClock "0:01:37"]
[Board "81"]

1. e4 d6 2. d4 Nf6 3. Nc3 Nbd7 4. Be3 e5 5. h3 c6 6. a4 h5 7. Nge2 Be7 8. g3 Qc7 9. Bg2 b6 10. O-O a6 11. Qd2 Bb7 12. f4 O-O 13. dxe5 dxe5 14. f5 Bc5 15. Bxc5 Nxc5 16. b4 Rfd8 17. Qg5 Ncd7 18. g4 Nf8 19. gxh5 N8h7 20. Qh4 c5 21. b5 c4 22. h6 gxh6 23. Qxh6 Kh8 24. Qe3 a5 25. Rad1 Rg8 26. Nd5 Bxd5 27. exd5 Qd6 28. Nc3 Rg5 29. Kh1 Rag8 30. Rf2 Rg3 31. Qd2 Ng5 32. Ne2 Nfe4 33. Bxe4 Nxe4 34. Qc3 Nxf2+ 35. Kh2 Rg2# 0-1


[Site "https://www.chess.com"]

[Event "Titled Tuesday Blitz November 14 Late 2023"]
[White "The_Straightforward_Rook"]
[Black "Yeritsyan, Hayk"]
[BlackFideId "13307320"]
[WhiteElo "2568"]
[BlackElo "2423"]
[Result "0-1"]
[Round "5"]
[TimeControl "180+1"]
[Date "2023.11.14"]
[WhiteClock "0:01:21"]
[BlackClock "0:00:08"]
[Board "82"]

1. e4 c6 2. Nc3 d5 3. Nf3 Bg4 4. h3 Bxf3 5. Qxf3 e6 6. Qg3 Nf6 7. d3 Na6 8. Be2 Nc5 9. e5 Nfd7 10. d4 Na6 11. O-O Nb4 12. Bd1 c5 13. Bg5 Qb6 14. dxc5 Nxc5 15. Be3 Qc7 16. Nb5 Qb8 17. c3 Nc6 18. f4 g6 19. Kh1 a6 20. Qf2 Ne4 21. Qe1 axb5 22. Bc2 Nc5 23. a3 b6 24. g4 h5 25. f5 hxg4 26. fxg6 Rxh3+ 27. Kg2 Qxe5 28. gxf7+ Kd7 29. Bf4 Qxe1 30. Raxe1 Rf3 31. Rxf3 gxf3+ 32. Kxf3 Bd6 33. Bh6 Bf8 34. Bf4 Ke7 35. Bg6 Kf6 36. Bh5 Ne4 37. Rg1 Ne5+ 38. Ke2 Nxf7 39. Rf1 Ke7 40. Be3 Ne5 41. Bxb6 Bh6 42. Rg1 Kd6 43. Bd4 Nc6 44. Rg6 Nxd4+ 45. cxd4 Bf4 46. Bg4 Re8 47. Bh3 Re7 48. Bg2 Bh2 49. Rh6 Bf4 50. Rh4 Bc1 51. Rh5 Bxb2 52. Rh3 Bc1 53. Rb3 Kc6 54. Kd1 Bf4 55. Bf1 Nd6 56. Ke2 Nc4 57. Kf3 Bd6 58. Kg4 Nxa3 59. Kg5 Nc4 60. Kf6 Re8 61. Kf7 Re7+ 62. Kg6 e5 63. dxe5 Rxe5 64. Bg2 Kc5 65. Rd3 d4 66. Rd1 Ne3 67. Bf1 Nxd1 68. Bd3 Nc3 69. Kf6 Re3 70. Kf7 Rxd3 71. Kf6 Re3 72. Kf7 d3 73. Kf6 d2 74. Kf5 d1=Q 75. Kg6 Qe2 76. Kf7 Rf3+ 77. Kg8 Qg2+ 78. Kh7 Rh3# 0-1


[Site "https://www.chess.com"]

[Event "Titled Tuesday Blitz November 14 Late 2023"]
[White "Kashefi, Amir Hosein"]
[Black "Miszler, Levente"]
[WhiteFideId "12557935"]
[BlackFideId "763276"]
[WhiteElo "2557"]
[BlackElo "2419"]
[Result "1-0"]
[Round "5"]
[TimeControl "180+1"]
[Date "2023.11.14"]
[WhiteClock "0:01:22"]
[BlackClock "0:01:56"]
[Board "83"]

1. d4 Nf6 2. Nf3 Ne4 3. g3 c5 4. Bg2 e6 5. O-O Nc6 6. b3 d5 7. Bb2 Be7 8. dxc5 Bf6 9. Qc1 Nxc5 10. Nbd2 O-O 11. c4 d4 12. a3 e5 13. Qc2 Re8 14. b4 Ne6 15. h4 a5 16. b5 Ne7 17. Ne4 Nf5 18. c5 b6 19. c6 Nd6 20. Nxd6 Qxd6 21. a4 Nc5 22. Nd2 d3 23. exd3 Qxd3 24. Qxd3 Nxd3 25. Bc3 Be6 26. Ne4 Be7 27. Rfd1 Nc5 28. Nxc5 Bxc5 29. Bxe5 Bb3 30. Re1 Bb4 31. Re3 Rxe5 32. Rxe5 Bc3 33. Ra3 Bxe5 34. Rxb3 Rc8 35. Rd3 Bc7 36. Rd7 Kf8 37. Bd5 1-0


[Site "https://www.chess.com"]

[Event "Titled Tuesday Blitz November 14 Late 2023"]
[White "Ozates, Tuna"]
[Black "Mushini Ajay"]
[WhiteFideId "6354521"]
[BlackFideId "35066188"]
[WhiteElo "2553"]
[BlackElo "2414"]
[Result "1-0"]
[Round "5"]
[TimeControl "180+1"]
[Date "2023.11.14"]
[WhiteClock "0:02:06"]
[BlackClock "0:02:03"]
[Board "84"]

1. e4 e5 2. Nf3 Nf6 3. Nc3 Nc6 4. a3 Bc5 5. Nxe5 Bxf2+ 6. Kxf2 Nxe5 7. d4 Ng6 8. e5 Ng8 9. Bc4 d6 10. Rf1 N8e7 11. Kg1 O-O 12. Bg5 h6 13. Bxe7 Qxe7 14. Nd5 Qd8 15. Qh5 Be6 16. Nf6+ gxf6 17. Bxe6 fxe6 18. Qxg6+ Kh8 19. Qxh6+ Kg8 20. Qg6+ Kh8 21. Rf3 1-0


[Site "https://www.chess.com"]

[Event "Titled Tuesday Blitz November 14 Late 2023"]
[White "Zakarian, David"]
[Black "Karamsetty, Jeevan"]
[WhiteFideId "13301276"]
[BlackFideId "2025337"]
[WhiteElo "2403"]
[BlackElo "2551"]
[Result "1/2-1/2"]
[Round "5"]
[TimeControl "180+1"]
[Date "2023.11.14"]
[WhiteClock "0:00:05"]
[BlackClock "0:00:06"]
[Board "85"]

1. d4 d5 2. c4 c6 3. Nf3 Nf6 4. Qc2 g6 5. e3 Bg7 6. b3 O-O 7. Nc3 Bf5 8. Bd3 Bxd3 9. Qxd3 Nbd7 10. O-O Rc8 11. Bb2 Re8 12. Rfe1 e5 13. dxe5 Nxe5 14. Nxe5 Rxe5 15. Nxd5 Nxd5 16. Bxe5 Bxe5 17. Rad1 Bxh2+ 18. Kxh2 Qh4+ 19. Kg1 Nf6 20. f3 c5 21. Qd6 b6 22. e4 Nh5 23. Qh2 Qg5 24. Rd5 Qf6 25. e5 Qe7 26. Red1 Re8 27. g4 Ng7 28. Qf4 Qh4 29. Rd7 Rf8 30. Kg2 Ne6 31. Qf6 Qh6 32. Kg3 Qe3 33. R7d3 Qe2 34. R1d2 Qe1+ 35. Kh2 Nd4 36. f4 Nf3+ 37. Rxf3 Qxd2+ 38. Kg3 Qe1+ 39. Rf2 Qe3+ 40. Kg2 Qe4+ 41. Kh2 Re8 42. Qg5 Qe3 43. Kg2 Qe4+ 44. Kg3 Kg7 45. Rf3 h6 46. Qh4 Qe1+ 47. Rf2 Qg1+ 48. Kf3 Qd1+ 49. Kg2 Rd8 50. Qf6+ Kg8 51. e6 Rf8 52. exf7+ Rxf7 53. Qe6 Kg7 54. f5 Qxg4+ 55. Kf1 Qd1+ 56. Kg2 Qg4+ 57. Kf1 Qh3+ 58. Ke1 Rxf5 59. Qe7+ Kg8 60. Qe8+ Kg7 61. Qe7+ Kg8 62. Qe8+ Kg7 63. Qe7+ 1/2-1/2


[Site "https://www.chess.com"]

[Event "Titled Tuesday Blitz November 14 Late 2023"]
[White "Cervantes Landeiro, Thalia"]
[Black "Bogaudinov, Rushan"]
[WhiteFideId "3520498"]
[BlackFideId "4129288"]
[WhiteElo "2548"]
[BlackElo "2400"]
[Result "0-1"]
[Round "5"]
[TimeControl "180+1"]
[Date "2023.11.14"]
[WhiteClock "0:00:00"]
[BlackClock "0:00:19"]
[Board "86"]

1. d4 Nf6 2. c4 e6 3. Nf3 b6 4. g3 Bb7 5. Bg2 Bb4+ 6. Bd2 Be7 7. O-O O-O 8. Qc2 Ne4 9. Bf4 f5 10. Nc3 Nxc3 11. Qxc3 d6 12. Rfd1 Nd7 13. Rac1 Qe8 14. b4 Nf6 15. Ng5 Bxg2 16. Kxg2 Bd8 17. Nf3 h6 18. h4 Ne4 19. Qe3 Qh5 20. Rh1 Be7 21. Nd2 Nxd2 22. Qxe6+ Qf7 23. Qxf7+ Kxf7 24. Bxd2 Bf6 25. e3 h5 26. c5 bxc5 27. bxc5 Ke6 28. cxd6 cxd6 29. Rc7 Rfb8 30. a3 a5 31. Rhc1 Rb2 32. Bc3 Rb3 33. Rd1 Kd5 34. f3 Bd8 35. e4+ fxe4 36. fxe4+ Kxe4 37. Re1+ Kd5 38. Rf7 Rxc3 39. Rf5+ Kc4 40. Rxh5 Bf6 41. g4 Bxd4 42. g5 Be5 43. g6 Rb8 44. Rh7 Rb2+ 45. Kf1 Rf3+ 46. Kg1 Bd4+ 47. Kh1 Kd5 0-1


[Site "https://www.chess.com"]

[Event "Titled Tuesday Blitz November 14 Late 2023"]
[White "Ongut, Tamas Gunes"]
[Black "Melikhov, Evgeny V."]
[WhiteFideId "770280"]
[BlackFideId "4122046"]
[WhiteElo "2539"]
[BlackElo "2391"]
[Result "0-1"]
[Round "5"]
[TimeControl "180+1"]
[Date "2023.11.14"]
[WhiteClock "0:00:22"]
[BlackClock "0:01:26"]
[Board "87"]

1. d4 Nf6 2. c4 e6 3. Nc3 Bb4 4. e3 b6 5. Ne2 Ba6 6. Ng3 Bxc3+ 7. bxc3 d5 8. cxd5 Bxf1 9. Rxf1 exd5 10. Ba3 Qd7 11. Qd3 Nc6 12. Nf5 g6 13. Ng3 Na5 14. e4 Nc4 15. Bb4 a5 16. exd5 Qxd5 17. Ba3 Nxa3 18. O-O-O O-O 19. Kb2 Nc4+ 20. Ka1 Rfe8 21. h4 h5 22. Rfe1 Rxe1 23. Rxe1 Re8 24. Rxe8+ Nxe8 25. f4 Ned6 26. Qe2 Qe6 27. Qf2 Qe3 28. Qxe3 Nxe3 29. d5 Nxg2 30. c4 Nxc4 31. Ne4 Nxf4 32. d6 0-1


[Site "https://www.chess.com"]

[Event "Titled Tuesday Blitz November 14 Late 2023"]
[White "Kuznecovs, Nikita"]
[Black "Balla, Tamas-Kristof"]
[WhiteFideId "11604557"]
[BlackFideId "1208497"]
[WhiteElo "2539"]
[BlackElo "2389"]
[Result "1-0"]
[Round "5"]
[TimeControl "180+1"]
[Date "2023.11.14"]
[WhiteClock "0:00:10"]
[BlackClock "0:00:09"]
[Board "88"]

1. Nf3 c5 2. g3 Nc6 3. Bg2 g6 4. h4 h6 5. e4 Bg7 6. d3 e6 7. Nbd2 Nge7 8. Qe2 O-O 9. a4 d5 10. O-O b6 11. Re1 Bb7 12. Nf1 Qd7 13. h5 g5 14. N1h2 dxe4 15. dxe4 Nd4 16. Nxd4 cxd4 17. f4 f6 18. Bh3 Rac8 19. Qb5 Qd6 20. Qb3 Rc6 21. Bd2 a5 22. Rad1 Ba6 23. c3 Bc4 24. Qc2 d3 25. Qc1 e5 26. Be3 exf4 27. gxf4 Kh8 28. Bf1 Rd8 29. Qd2 Bb3 30. Ra1 Rcc8 31. Kh1 Bc4 32. Bg2 Qc7 33. b3 Ba6 34. c4 Nc6 35. Nf1 Nb4 36. Rac1 Bb7 37. Ng3 Re8 38. Nf5 Rcd8 39. Bf2 gxf4 40. Nd4 Nc6 41. Nf5 Ne5 42. Nxg7 Kxg7 43. Rg1 Kh7 44. Rce1 f3 45. Bh3 Rg8 46. Bf5+ Kh8 47. Qxh6+ 1-0


[Site "https://www.chess.com"]